 Dungeon Crawl Stone Soup version 0.30-a0-691-g754fce4c43 (webtiles) character file.

Game seed: 8694787239855714541

6429 kae the Transmogrifier (level 10, -6/78 HPs)
             Began as a Demonspawn Transmuter on Jan 19, 2023.
             Was an Initiate of Ru.
             Mangled by an orc warrior
             ... wielding a +1 dire flail of holy wrath
              (15 damage)
             ... on level 9 of the Dungeon.
             The game lasted 00:13:14 (9425 turns).

kae the Transmogrifier (Demonspawn Transmuter)      Turns: 9425, Time: 00:13:14

Health: -6/78      AC:  8    Str: 14    XL:     10   Next: 67%
Magic:  13/19      EV: 12    Int: 16    God:    Ru [......]
Gold:   804        SH:  0    Dex: 19    Spells: 0/21 levels left

rFire   x . .      SeeInvis .      - Unarmed
rCold   + + +      Faith    .    (shield currently unavailable)
rNeg    . . .      Spirit   .    (body armour currently unavailable)
rPois   +          Reflect  .    (helmet currently unavailable)
rElec   .          Harm     .    (cloak currently unavailable)
rCorr   +          Rampage  .    (gloves currently unavailable)
Will    .....                    (boots currently unavailable) Stlth
                                 (no amulet)
HPRegen 1.33/turn                R - ring of resist corrosion
MPRegen 0.16/turn                D - +6 ring of dexterity

@: ice-form
A: freezing attack, amphibious, boosted hp, large, (horns 1), repulsion field 1,
demonic guardian 2, powered by death 2, no stealth
a: End Transformation, Renounce Religion


You were on level 9 of the Dungeon.
You worshipped Ru.
Ru was noncommittal.
You were a creature of crystalline ice.
You visited 2 branches of the dungeon, and saw 10 of its levels.

You collected 1510 gold pieces.
You spent 706 gold pieces at shops.


Innate Abilities, Weirdness & Mutations

You are a creature of crystalline ice.
You have a powerful freezing melee attack.
You are amphibious.
Your maximum health is increased.
Your armour is entirely melded.
You are incapable of wielding weapons or throwing items.
((You have a pair of small horns on your head.))
You are surrounded by a mild repulsion field. (EV +2)
A demonic guardian rushes to your aid.
You regenerate health from kills.
You cannot be stealthy.


   Skills:
 - Level 1.0 Fighting
 - Level 1.7 Dodging
 + Level 6.9 Unarmed Combat
 - Level 6.0 Spellcasting
 * Level 9.2 Transmutations
 - Level 7.0 Ice Magic
 * Level 3.7 Earth Magic
 - Level 1.5 Poison Magic


You couldn't memorise any spells.
You knew the following spells:

 Your Spells              Type           Power      Damage    Failure   Level
a - Beastly Appendage     Tmut           68%        N/A       1%          1
b - Wereblood             Tmut           34%        N/A       1%          2
c - Spider Form           Tmut/Pois      22%        N/A       4%          3
d - Ice Form              Ice/Tmut       30%        N/A       4%          4
e - Blade Hands           Tmut           17%        N/A       9%          5
f - Statue Form           Tmut/Erth      16%        N/A       83%         6

Your spell library contained the following spells:

 Spells                   Type           Power      Damage    Failure   Level
 Petrify                  Tmut/Erth      25%        N/A       10%         4
 Poisonous Vapours        Pois/Air       14%        N/A       16%         2
 Cigotuvi's Dreadful Rot  Necr/Pois/Air  12%        N/A       17%         2
 Mephitic Cloud           Conj/Pois/Air  6%         N/A       32%         3
 Inner Flame              Hex/Fire       4%         N/A       38%         3
 Tukima's Dance           Hex            4%         N/A       38%         3
 Yara's Violent Unravell  Hex/Tmut       9%         3d6       50%         5
 Animate Armour           Summ/Erth      20%        N/A       54%         4
 Metabolic Englaciation   Hex/Ice        8%         N/A       65%         5
 Cause Fear               Hex            2%         N/A       80%         4
 Flame Wave               Conj/Fire      4%         2d5       80%         4
 Passage of Golubria      Tloc           4%         N/A       80%         4
 Sticky Flame             Conj/Fire      4%         2d3       80%         4
 Iron Shot                Conj/Erth      5%         9d2       100%        6
 Discord                  Hex            2%         N/A       100%        8

Inventory:

Missiles
 d - 73 stones
 j - 19 poisoned darts
 k - 9 boomerangs
 A - 5 atropa-tipped darts
Armour
 y - +0 steam dragon scales (melded)
   (You found it on level 7 of the Dungeon)
Magical Staves
 g - a staff of conjuration {!a}
   (You found it on level 1 of the Dungeon)
Jewellery
 D - a +6 ring of dexterity (right front paw)
   (You found it on level 2 of the Dungeon)
 P - a ring of poison resistance
   (You found it on level 6 of the Dungeon)
 R - a ring of resist corrosion (left front paw)
   (You found it on level 2 of the Dungeon)
Wands
 b - a wand of polymorph (10)
   (You took it off Eustachio on level 5 of the Dungeon)
 s - a wand of flame (3)
   (You took it off Dowan on level 5 of the Dungeon)
 w - a wand of iceblast (7)
   (You took it off an orc on level 7 of the Dungeon)
 B - a wand of digging (5)
   (You found it on level 8 of the Dungeon)
 C - a wand of acid (7)
   (You found it on level 7 of the Dungeon)
Scrolls
 c - 6 scrolls of teleportation {@r4}
 n - a scroll of torment {!r}
 v - a scroll of enchant weapon
 x - 3 scrolls of blinking {!r}
 E - a scroll of magic mapping {!r}
Potions
 a - a potion of heal wounds {unknown}
 e - 6 potions of degeneration {unknown}
 f - 3 potions of might
 h - 4 potions of berserk rage {!q}
 i - 2 potions of flight
 l - a potion of cancellation
 m - 2 potions of curing {@q1}
 o - a potion of haste {unknown}
 p - 2 potions of mutation {!q}
 q - a potion of brilliance
 r - 2 potions of resistance {unknown}
 t - 2 potions of lignification {!q}
 u - a potion of ambrosia {unknown}
 z - 2 potions of invisibility {unknown}
Miscellaneous
 F - a piece from Xom's chessboard (15/15)
   (You found it on level 9 of the Dungeon)

Dungeon Overview and Level Annotations

Branches:
Dungeon (9/15) Zot: 26537  Temple (1/1) D:6 Zot: 5775     Orc (0/2) D:9
   Lair: D:8-11

Altars:
Ashenzari
Cheibriados
Dithmenos
Fedhas
Gozag
Hepliaklqana
Kikubaaqudgha
Makhleb
Nemelex Xobeh
Okawaru
Qazlal
Ru
Sif Muna
Trog
Uskayaw
Vehumet
Wu Jian
Xom
Yredelemnul

Shops:
D:8 ?::

Portals:
Abyss: D:4

Annotations:
D:4 2 transporters, Leeroy's ghost, amateur DjWr
D:8 3 runed translucent doors, Stil's ghost, amateur OpHW

...# ## #.#..####
......... ≈≈≈≈≈≈8.
≈≈≈≈≈8≈.
####################'.≈≈.
o≈..................#.≈≈.
##.....o.4..........##≈≈.
>......oY.8..........†...
##..................##≈≈.
o≈..................#.≈≈.
####################'.≈≈.
≈≈≈≈8≈. ≈≈≈≈≈≈8.
......... #.....###


You could see 2 orc warriors and a friendly orange demon (summoned).


Message History

The electric eel shoots out a bolt of lightning at you!
The bolt of electricity hits you.
Items here: )) [ †. 😕 HP[+1]
You hit the orc.
Your orange demon stings the orc.
The orc dies! 😕 HP[+6]
You regained 6 hp, and now have 62/65 hp.
Your orange demon stings the electric eel!
Your orange demon hits the electric eel!
The electric eel looks weaker.
Things that are here:
a +0 hand axe; a boomerang; an orc corpse 😎 HP[+3]
Your hp is fully restored (65).
The electric eel shoots out a bolt of lightning at you!
The bolt of electricity misses you.
Your orange demon barely misses the electric eel.
Your orange demon hits the electric eel but does no damage.
You closely miss the electric eel.
Your orange demon stings the electric eel!
The electric eel dies!
You hear a splash. 😎 MP[+1]
Your orange demon stings the yak!
The yak is poisoned.
Your orange demon poisons the yak!
Your orange demon hits the yak.
The yak looks weaker.
You swap places.
The yak gores you but does no damage.
Your orange demon stings the yak from afar.
Casting: Blade Hands (dangerous; 9% risk of failure)
Confirm with . or Enter, or press ? or * to list all spells.
You turn into a creature of crystalline ice.
Your +0 steam dragon scales melds into your body.
The yak gores you.
Your orange demon closely misses the yak.
The yak closely misses you.
Your orange demon stings the yak but does no damage. 😎 HP[+13] MP[-4]
You now have 78 max hp (+13).
Your hp is fully restored (78).
You lost 4 mp, and now have 8/19 mp.
You hit the yak. You freeze the yak. The yak closely misses you.
Your orange demon barely misses the yak.
Unknown command.
You punch the yak! You freeze the yak.
You kill the yak!
Your orange demon closely misses the yak. 😎 MP[+1]
You punch the yak! You freeze the yak.
Your orange demon disappears in a puff of smoke!
The yak closely misses you.
Unknown command.
You pummel the yak!! You freeze the yak. The yak gores you. 😕 HP[-2]
You take 2 damage, and now have 76/78 hp.
You punch the yak! You freeze the yak.
You kill the yak! 😎 HP[+2]
Your hp is fully restored (78).
Unknown command.
Things that are here:
a yak corpse; a yak corpse 😎 MP[+1] 😎 MP[+1]
An orc warrior comes into view. It is wielding a +0 trident.
The orc warrior shouts!
An orc warrior comes into view.
It is wielding a +1 dire flail of holy wrath.
The orc warrior shouts!
You hear a shout! 2 orc priests come into view.
Found a staircase to the Orcish Mines.
The orc priest shouts!
The orc priest casts a cantrip, but nothing happens. 😎 MP[+1]
The orc warrior barely misses you.
The orc warrior hits you but does no damage.
The orc warrior misses you.
You hit the orc warrior. You freeze the orc warrior. You punch the orc warrior!
You freeze the orc warrior.
The orc warrior hits you with a +0 trident.
The orc warrior hits you with a +1 dire flail of holy wrath!!
A demonic guardian appears!
You convulse!
You are too injured to fight recklessly! 😮 HP[-37]
You take 37 damage, and now have 41/78 hp.
MASSIVE DAMAGE!! (PAUSE)
You barely miss the orc warrior.
The orc warrior hits you with a +0 trident!
* * * LOW HITPOINT WARNING * * *
The orc warrior hits you with a +1 dire flail of holy wrath!
* * * LOW HITPOINT WARNING * * *
You convulse.
* * * LOW HITPOINT WARNING * * *
😨 HP[-20]
You take 20 damage, and now have 21/78 hp.
MASSIVE DAMAGE!! (PAUSE)
You hit the orc warrior. You freeze the orc warrior.
The orc warrior hits you with a +1 dire flail of holy wrath!
* * * LOW HITPOINT WARNING * * *
You convulse!
You die...

Skill      XL: |  1  2  3  4  5  6  7  8  9 10 |
---------------+-------------------------------+-----
Transmutations | 2 3 4 5 6 8 9 |  9.2
Unarmed Combat | 3 4 5 6 |  6.9
Poison Magic   | 1 |  1.5
Spellcasting   | 3 4 5 6 |  6.0
Ice Magic      | 1 3 5 6 7 |  7.0
Earth Magic    | 3 |  3.7
Fighting       | |  1.0
Dodging        | |  1.7

Action                   |  1- 3 |  4- 6 |  7- 9 | 10-12 || total
-------------------------+-------+-------+-------+-------++-------
Melee: Unarmed           |   144 |   188 |   339 |   107 ||   778
       Kick              |    23 |    29 |    13 |       ||    65
       Headbutt          |     7 |    15 |    19 |     7 ||    48
       Punch             |     1 |     4 |     2 |     1 ||     8
 Cast: Beastly Appendage |    26 |    28 |     6 |       ||    60
       Spider Form       |       |     3 |     4 |       ||     7
       Wereblood         |       |     1 |     6 |     2 ||     9
       Ice Form          |       |     1 |    19 |     9 ||    29
       Blade Hands       |       |       |     8 |     3 ||    11
Invok: Sacrifice Stealth |       |       |     1 |       ||     1
 Abil: End Transformatio |       |       |     1 |       ||     1
  Use: Scroll            |     5 |     5 |     5 |     1 ||    16
       Potion            |       |     1 |     1 |     1 ||     3
 Stab: Sleeping          |       |     3 |     1 |       ||     4
       Confused          |       |       |     4 |       ||     4
Armor: Robe              |    25 |    12 |     7 |       ||    44
       Skin              |       |    11 |    90 |    17 ||   118
       Steam dragon scal |       |       |     2 |     5 ||     7
Dodge: Dodged            |    86 |   158 |   164 |    74 ||   482

Levels and vault maps discovered:
D:1:      eino_arrival_water_cross, layout_loops_cross, nrook_campfire,
          serial_bayou_pond_a, kennysheep_decorative_pillar,
          hangedman_abyss_or_decor_lesser_grid
D:2:      layout_basic, serial_bayou, serial_bayou_shore_a,
          serial_bayou_shore_b, serial_bayou_pond_a, serial_bayou_pond_a
D:3:      layout_loops_cross, uniq_robin
D:4:      layout_basic, mainiacjoe_overflow_catwalk_spiral,
          gammafunk_ghost_abyssal_escape, serial_glass, glass_columns_a,
          glass_columns_a
D:5:      layout_basic, lemuel_mausoleum_altar_yredelemnul,
          cheibrodos_gnoll_hut, uniq_duvessa, uniq_pikel, uniq_eustachio
D:6:      layout_cave_pools, minmay_temple_entry_statues_pillars,
          hangedman_minor_gate_pass
D:7:      cheibrodos_quashed, layout_cave_pods, mainiacjoe_overflow_alcove_1
D:8:      layout_rooms, mainiacjoe_overflow_brackets,
          nicolae_tso_carved_into_rock, serial_shops, shop,
          kennysheep_little_box, shop, ebering_ghost_rock_garden,
          minmay_manual_mail
D:9:      layout_basic, erik_orc_2, hellmonk_bongcloud_opening, nicolae_sextant,
          chequers_jeans, minmay_misc_feat_square
Temple:   nicolae_temple_slightly_damp_pantheon

Notes
Turn   | Place    | Note
-------+----------+-------------------------------------------
     0 | D:1      | kae the Demonspawn Transmuter began the quest for the Orb.
     0 | D:1      | Reached XP level 1. HP: 15/15 MP: 3/3
     0 | D:1      | magus.rc [v1.11.3]
   106 | D:1      | Reached skill level 2 in Transmutations
   127 | D:1      | Gained mutation: You regenerate a little health from kills.
                  | [demonic ancestry]
   127 | D:1      | Reached XP level 2. HP: 13/21 MP: 3/5
   477 | D:1      | Reached skill level 3 in Unarmed Combat
   576 | D:1      | Reached XP level 3. HP: 22/26 MP: 4/6
   584 | D:1      | Learned a level 2 spell: Wereblood
   588 | D:1      | Learned a level 3 spell: Spider Form
  1240 | D:2      | You pick up a book of Flames and begin reading...
  1240 | D:2      | You add the spells Inner Flame, Sticky Flame and Flame Wave
                  | to your library.
  1267 | D:2      | You add the spells Tukima's Dance, Passage of Golubria and
                  | Yara's Violent Unravelling to your library.
  1506 | D:2      | Reached skill level 3 in Transmutations
  1506 | D:2      | Gained mutation: You are surrounded by a mild repulsion
                  | field. (EV +2) [demonic ancestry]
  1506 | D:2      | Reached XP level 4. HP: 30/32 MP: 5/7
  1548 | D:2      | You pick up a book of Iron and begin reading...
  1548 | D:2      | You add the spells Animate Armour, Blade Hands and Iron
                  | Shot to your library.
  1863 | D:2      | Identified a scroll of acquirement
  1863 | D:2      | Acquired 1117 gold pieces
  2460 | D:3      | Noticed Robin
  2469 | D:3      | Reached skill level 1 in Poison Magic
  2474 | D:3      | Killed Robin
  2865 | D:4      | Found a transporter.
  2880 | D:4      | Found a transporter.
  2905 | D:4      | Gained mutation: You have a pair of small horns on your
                  | head. [demonic ancestry]
  2905 | D:4      | Reached XP level 5. HP: 23/37 MP: 5/9
  2912 | D:4      | Noticed a small abomination
  2957 | D:4      | You pick up a book of Vapours and begin reading...
  2957 | D:4      | You add the spells Poisonous Vapours, Cigotuvi's Dreadful
                  | Rot and Mephitic Cloud to your library.
  2983 | D:4      | Reached skill level 3 in Spellcasting
  3044 | D:4      | Found a broken altar of Ashenzari.
  3055 | D:4      | You pick up a book of Hexes and begin reading...
  3055 | D:4      | You add the spells Cause Fear and Discord to your library.
  3241 | D:4      | Found a one-way gate to the infinite horrors of the Abyss.
  3241 | D:4      | Noticed Leeroy's ghost (amateur DjWr)
  3309 | D:4      | Reached skill level 4 in Transmutations
  3467 | D:4      | Learned a level 4 spell: Ice Form
  3652 | D:5      | Entered Level 5 of the Dungeon
  3668 | D:5      | HP: 6/37 [something (19)]
  3963 | D:5      | Reached XP level 6. HP: 39/43 MP: 3/10
  4172 | D:5      | Reached skill level 1 in Ice Magic
  4287 | D:5      | Reached skill level 4 in Unarmed Combat
  4292 | D:5      | Reached XP level 7. HP: 24/48 MP: 8/12
  4414 | D:5      | Found a basalt altar of Yredelemnul.
  4436 | D:5      | Reached skill level 2 in Ice Magic
  4668 | D:5      | Reached skill level 5 in Transmutations
  4745 | D:5      | Reached skill level 3 in Ice Magic
  4872 | D:5      | Noticed Pikel
  4874 | D:5      | Noticed Eustachio
  4928 | D:5      | Killed Pikel
  4929 | D:5      | Reached skill level 4 in Spellcasting
  4929 | D:5      | Gained mutation: A weak demonic guardian rushes to your
                  | aid. [demonic ancestry]
  4929 | D:5      | Reached XP level 8. HP: 28/54 MP: 2/14
  4939 | D:5      | Killed Eustachio
  4940 | D:5      | Reached skill level 6 in Transmutations
  4940 | D:5      | Reached skill level 4 in Ice Magic
  5214 | D:5      | Reached skill level 5 in Unarmed Combat
  5216 | D:5      | HP: 8/54 [gnoll/+0 spear[a gnoll bouda] (6)]
  5217 | D:5      | HP: 3/54 [gnoll/+0 spear[a gnoll bouda] (6)]
  5228 | D:5      | Learned a level 5 spell: Blade Hands
  5678 | D:5      | Noticed Duvessa
  5684 | D:5      | Killed Duvessa
  5684 | D:5      | Noticed Dowan
  5686 | D:5      | Killed Dowan
  5695 | D:5      | Reached skill level 5 in Ice Magic
  5886 | D:6      | Gained mutation: A demonic guardian rushes to your aid.
                  | [demonic ancestry]
  5886 | D:6      | Reached XP level 9. HP: 59/59 MP: 12/16
  5994 | D:6      | Found a staircase to the Ecumenical Temple.
  6002 | D:6      | Reached skill level 5 in Spellcasting
  6016 | Temple   | Entered the Ecumenical Temple
  6221 | Temple   | Became a worshipper of Ru the Awakened
  6242 | D:6      | magus.rc [v1.11.3]
  6649 | D:6      | Reached skill level 7 in Transmutations
  6698 | D:6      | HP: 17/88 [something/puff of flame (13)]
  6704 | D:6      | HP: 20/88 [water moccasin (2)]
  7039 | D:7      | Reached skill level 6 in Ice Magic
  7547 | D:7      | Reached skill level 6 in Unarmed Combat
  7550 | D:7      | Gained mutation: You cannot be stealthy. [Ru sacrifice]
  7782 | D:7      | Reached skill level 8 in Transmutations
  8131 | D:8      | Gained mutation: You regenerate health from kills. [demonic
                  | ancestry]
  8131 | D:8      | Reached XP level 10. HP: 58/65 MP: 13/18
  8149 | D:8      | Found Imuo's Book Shoppe.
  8298 | D:8      | Reached skill level 7 in Ice Magic
  8307 | D:8      | Reached skill level 6 in Spellcasting
  8425 | D:8      | Found an ornate altar of the Wu Jian Council.
  8457 | D:8      | Found Otoc Wem's Book Shoppe.
  8466 | D:8      | Bought a book of Sloth for 468 gold pieces
  8466 | D:8      | You pick up a book of Sloth and begin reading...
  8466 | D:8      | You add the spells Petrify, Metabolic Englaciation and
                  | Statue Form to your library.
  8473 | D:8      | Learned a level 6 spell: Statue Form
  8586 | D:8      | Found a runed translucent gate.
  8586 | D:8      | Found a runed translucent gate.
  8586 | D:8      | Found a runed translucent gate.
  8590 | D:8      | Noticed Stil's ghost (amateur OpHW)
  8808 | D:8      | Found Wetihuy's Magic Scroll Shoppe.
  8813 | D:8      | Bought a scroll of magic mapping for 105 gold pieces
  8813 | D:8      | Bought a scroll of identify for 28 gold pieces
  8813 | D:8      | Bought a scroll of blinking for 105 gold pieces
  8987 | D:9      | Reached skill level 1 in Earth Magic
  9331 | D:9      | Reached skill level 2 in Earth Magic
  9361 | D:9      | Reached skill level 9 in Transmutations
  9367 | D:9      | Reached skill level 3 in Earth Magic
  9371 | D:9      | Paralysed by a hornet for 2 turns
  9373 | D:9      | HP: 6/65 [hornet (12)]
  9417 | D:9      | Found a staircase to the Orcish Mines.
  9425 | D:9      | HP: 9/78 [orc warrior/+1 dire flail of holy wrath (13)]
  9425 | D:9      | Mangled by an orc warrior

Vanquished Creatures
  Pikel (D:5)
  A hornet (D:9)
  Eustachio (D:5)
  3 steam dragons
  5 yaks (D:9)
  A wyvern (D:9)
  2 acid dragons (D:9)
  A water moccasin (D:7)
  Duvessa (D:5)
  3 orc warriors
  2 ice beasts
  5 sky beasts
  A black bear (D:8)
  An ogre (D:7)
  2 centaurs
  3 lemures (D:5)
  A kobold brigand (D:8)
  2 bullfrogs
  A scorpion (D:6)
  4 necrophages
  5 wights
  Dowan (D:5)
  3 killer bees (D:9)
  2 howler monkeys
  6 jellies
  2 bullfrog zombies (D:5)
  6 hounds
  A human zombie (D:5)
  4 orc priests
  A gnoll bouda (D:5)
  4 iguanas
  4 orc wizards
  A killer bee zombie (D:5)
  A hound zombie (D:5)
  3 mummies (D:5)
  Robin (D:3)
  A howler monkey zombie (D:5)
  10 gnolls
  6 adders
  2 shadow imps (D:6)
  2 white imps
  2 ufetubi (D:5)
  4 dart slugs
  35 orcs
  10 ball pythons
  5 bats
  4 endoplasms
  2 giant cockroaches
  11 goblins
  7 hobgoblins
  11 jackals
  12 kobolds
  9 quokkas
  5 frilled lizards
  5 rats
229 creatures vanquished.

Vanquished Creatures (collateral kills)
  A water moccasin (D:6)
  An orc warrior (D:9)
  A wight (D:7)
  2 killer bees (D:9)
  An electric eel (D:9)
  2 orc wizards (D:6)
  2 gnolls (D:5)
  8 orcs
18 creatures vanquished.

Vanquished Creatures (others)
  An orc (D:9)
  8 plants (D:2)
9 creatures vanquished.

Grand Total: 256 creatures vanquished

Table legend:
 A = Non-vault XP
 B = Vault XP
 C = Vault XP percentage of total XP
 D = Non-vault monster count
 E = Vault monster count
 F = Vault count percentage of total count
                 A         B        C        D         E       F
            +---------+---------+-------+---------+---------+-------
      Total |    6038 |    3147 |  34.3 |     191 |      53 |  21.7
            +---------+---------+-------+---------+---------+-------
        D:1 |      45 |       0 |   0.0 |      23 |       0 |   0.0
        D:2 |      66 |       0 |   0.0 |      24 |       0 |   0.0
        D:3 |      43 |      27 |  38.6 |      20 |       7 |  25.9
        D:4 |     182 |       0 |   0.0 |      16 |       0 |   0.0
        D:5 |     686 |    1661 |  70.8 |      24 |      19 |  44.2
        D:6 |     462 |     585 |  55.9 |      16 |       8 |  33.3
        D:7 |    1622 |       0 |   0.0 |      38 |       0 |   0.0
        D:8 |     586 |     497 |  45.9 |       9 |       5 |  35.7
        D:9 |    2346 |     377 |  13.8 |      21 |      14 |  40.0
            +---------+---------+-------+---------+---------+-------

Illustrated notes

Table legend:
 A = Kills in this place as a percentage of kills in entire the game.
 B = Kills by you in this place as a percentage of kills by you in the entire game.
 C = Kills by friends in this place as a percentage of kills by friends in the entire game.
 D = Other kills in this place as a percentage of other kills in the entire game.
 E = Experience gained in this place as a percentage of experience gained in the entire game.
 F = Experience gained in this place divided by the number of levels of this place that you have seen.
                   A       B       C       D       E      F
               +-------+-------+-------+-------+-------+----------------------
         Total | 100.0 | 100.0 | 100.0 |   N/A | 100.0 | 918.5
       Dungeon | 100.0 | 100.0 | 100.0 |   N/A | 100.0 | 1020.6
               +-------+-------+-------+-------+-------+----------------------

Table legend: (Time is in decaauts)
 A = Elapsed time spent in this place.
 B = Non-inter-level travel time spent in this place.
 C = Inter-level travel time spent in this place.
 D = Time resting spent in this place.
 E = Time spent auto-exploring this place.
 F = Levels seen in this place.
 G = Mean time per level.
                   A        B        C        D        E       F      G
               +--------+--------+--------+--------+--------+-----+--------+
         Total |   9373 |   9079 |    294 |    493 |   6847 |  10 |  937.3 |
       Dungeon |   9149 |   8900 |    249 |    493 |   6685 |   9 | 1016.6 |
        Temple |    224 |    179 |     45 |      0 |    162 |   1 |  224.0 |
               +--------+--------+--------+--------+--------+-----+--------+

Top non-repeatable levels by time:
     D:5: 1897 daAuts
     D:7: 1239 daAuts
     D:4: 1186 daAuts
     D:2: 1029 daAuts
     D:1: 902 daAuts
     D:8: 838 daAuts
     D:3: 817 daAuts
     D:6: 778 daAuts
     D:9: 461 daAuts
  Temple: 224 daAuts
